 Dungeon Sprint DCSS version 0.31-a0-986-g5e6e4ef867 (webtiles) character file.

Game seed: 11972282333575645137

2513 rocky1 the Brawler (level 9, -3/75 HPs)
             Began as a Naga Shapeshifter on Nov 4, 2023.
             Was an Initiate of Gozag.
             Slain by a blink frog (6 damage)
             ... in the Dungeon (Sprint VII: "The Pits").
             The game lasted 00:06:45 (1354 turns).

rocky1 the Brawler (Naga Shapeshifter)              Turns: 1354, Time: 00:06:45

Health: -3/75      AC: 11    Str: 25    XL:     9   Next: 53%
Magic:  9/9        EV: 13    Int: 10    God:    Gozag
Gold:   617        SH:  0    Dex: 10    Spells: 8/8 levels left

rFire   . .          .
                       - Unarmed
rCold   . . .        (no shield)
rNeg    . . .        v - +5 ring mail
rPois   +            (helmet currently unavailable)
rElec   .            (cloak currently unavailable)
rCorr   .            (gloves currently unavailable)
SInv    +            (no barding)
Will    +....        (no amulet)
Stlth   ++           i - +3 ring of evasion
HPRegen 0.32/turn    r - +3 ring of strength
MPRegen 0.11/turn

%: no teleportation
@: beast-form, slowed, very slow
A: beast (slay +4), AC +3, large, see invisible, deformed body, poison
resistance, slowness 2, spit poison 1, naga tail 1
a: Spit Poison, Begin Untransformation, Renounce Religion, Potion Petition, Call
Merchant, Bribe Branch


You were in the Dungeon.
You worshipped Gozag.
Gozag was pleased with you.
You were a hulking beast.
You visited 1 branch You collected 2142 gold pieces.
You spent 1020 gold pieces at shops.
You paid 505 gold pieces to Gozag.

Inventory:

Armour
 a - a +0 animal skin
 o - a +3 ring mail
 t - a +3 plate armour
 u - a +0 cloak
 v - a +5 ring mail (worn)
Jewellery
 i - a +3 ring of evasion (left hand)
 q - the amulet of the Leaf {Regen+ Stlth+}
   (You bought it in a shop in the Dungeon)

   [amulet of regeneration]

   Regen+:    It increases your rate of health regeneration.
   Stlth+:    It makes you more stealthy.
 r - a +3 ring of strength (right hand)
 w - the necklace of Bloodlust {Fury *Rage Will++ Int-3 Slay+6}
   (You bought it in a shop in the Dungeon)

   [amulet of nothing]

   Fury:      It extends the wearer's berserk rage when killing foes.
   Int-3:     It affects your intelligence (-3).
   Slay+6:    It affects your accuracy & damage with ranged weapons and melee
   (+6).
   Will++:    It greatly increases your willpower.
   *Rage:     It berserks you when you make melee attacks (+50% chance).
Talismans
 c - a beast talisman
 d - a flux talisman
Scrolls
 j - a scroll of blinking
 l - 2 scrolls of vulnerability
 m - 5 scrolls of amnesia
 n - a scroll of butterflies
Potions
 b - a potion of lignification
 e - 8 potions of curing
 f - 7 potions of heal wounds
 g - 3 potions of haste
 h - 4 potions of magic
 k - 2 potions of invisibility
 p - 2 potions of resistance
 s - a potion of might


   Skills:
 + Level 3.0 Fighting
 + Level 6.5 Armour
 + Level 5.5 Dodging
 + Level 6.1 Stealth
 * Level 16.6 Unarmed Combat
 + Level 7.6 Shapeshifting


You had 8 spell levels left.
You didn't know any spells.
Your spell library was empty.

Dungeon Overview and Level Annotations

Branches:
Dungeon (1/1)

Altars:
Ashenzari
Cheibriados
Dithmenos
Elyvilon
Fedhas
Gozag
Hepliaklqana
Kikubaaqudgha
Makhleb
Nemelex Xobeh
Okawaru
Qazlal
Ru
Sif Muna
Trog
Uskayaw
Vehumet
Wu Jian
Xom
Yredelemnul
Zin
The Shining One
Jiyva
Lugonu

Shops:
D =


Innate Abilities, Weirdness & Mutations

You are a hulking beast.
Your limbs bulge with bestial killing power. (Slay +4)
Your serpentine skin is tough. (AC +3)
You have supernaturally acute eyesight. (SInv)
Armour fits poorly on your strangely shaped body.
Your system is resistant to poisons. (rPois)
You cover ground very slowly.
You can spit poison.
You have a snake-like lower body.


Message History

The blink frog blinks!
The blink frog hits you.
The blink frog blinks!
You continue taking off the amulet of the Leaf {Regen+ Stlth+}.
The blink frog closely misses you.
The blink frog blinks!
The blink frog hits you!
The blink frog blinks!
You continue taking off the amulet of the Leaf {Regen+ Stlth+}.
The freezing wraith hits you but does no damage.
The freezing wraith hits you. The freezing wraith drains your vigour!
You feel yourself slow down. The blink frog misses you.
You continue taking off the amulet of the Leaf {Regen+ Stlth+}.
The blink frog barely misses you. The blink frog hits you!
The freezing wraith closely misses you. The freezing wraith barely misses you.
The blink frog blinks! x2; The blink frog closely misses you.
The freezing wraith hits you but does no damage.
The freezing wraith hits you! The freezing wraith drains your vigour!
You feel as though you will be slow longer.
You finish taking off the amulet of the Leaf {Regen+ Stlth+}.
You start putting on your amulet.
You continue putting on the necklace of Bloodlust {Fury *Rage Will++ Int-3 Slay+6}.
The blink frog closely misses you. The blink frog hits you.
The blink frog blinks!
The freezing wraith misses you.
The freezing wraith hits you but does no damage.
You continue putting on the necklace of Bloodlust {Fury *Rage Will++ Int-3 Slay+6}.
The blink frog blinks!
The blink frog hits you!
The blink frog blinks!
The freezing wraith hits you but does no damage.
The freezing wraith closely misses you. The blink frog misses you.
The freezing wraith closely misses you. x2
The blink frog completely misses you.
You continue putting on the necklace of Bloodlust {Fury *Rage Will++ Int-3 Slay+6}.
The blink frog blinks!
The blink frog hits you!
The blink frog blinks!
The freezing wraith hits you but does no damage.
The freezing wraith misses you.
The blink frog blinks!
You continue putting on the necklace of Bloodlust {Fury *Rage Will++ Int-3 Slay+6}.
The freezing wraith barely misses you.
The freezing wraith hits you but does no damage.
The blink frog closely misses you. The freezing wraith hits you.
The freezing wraith freezes you!!
* * * LOW HITPOINT WARNING * * *
The freezing wraith closely misses you. The blink frog hits you.
You die...
Your body crumbles into a pile of gold.

.#))#####'#####)'######
##))##.......##''#####
.#))##.......##......#
.#..##.......##....###
.#'###...<...##...## +
....##.......##..## .#
....##.......##..# .#
######.......##.F#F.#
.#..###########.hWF.+
.#.############ยงยง#..#
.#)#....#...[##..# .#
.#'#....#....##.)## .#
.#.'....'..))##...## +
.#'#....#..))##....###
.'.#....#..))##....).#
######################


You could see a freezing wraith and 3 blink frogs.

Vanquished Creatures
  A deep elf zephyrmancer (D)
  A merfolk siren (D)
  A black mamba (D)
  A gargoyle (D)
  An unseen horror (D)
  A blink frog (D)
  A glass eye (D)
  A steam dragon (D)
  A scorpion (D)
  A gnoll sergeant (D)
  A necrophage (D)
  A crimson imp (D)
  A hound (D)
  An orc wizard (D)
  7 gnolls (D)
  An adder (D)
  2 river rats (D)
  A white imp (D)
  An adder skeleton (D)
  4 orcs (D)
  3 jackals (D)
  A quokka (D)
  2 ball pythons (D)
  A ball python skeleton (D)
  A bat (D)
  2 rats (D)
40 creatures vanquished.

Notes
Turn   | Place    | Note
-------+----------+-------------------------------------------
     0 | D        | rocky1 the Naga Shapeshifter began the quest for the Orb.
     0 | D        | Reached XP level 1. HP: 18/18 MP: 1/1
    55 | D        | Found a bloodstained altar of Trog.
    55 | D        | Found a shimmering blue altar of Sif Muna.
    55 | D        | Found a viscous altar of Jiyva.
    55 | D        | Found a hazy altar of Hepliaklqana.
    55 | D        | Found an opulent altar of Gozag.
    56 | D        | Found a glowing golden altar of the Shining One.
    56 | D        | Found a glowing silver altar of Zin.
    56 | D        | Found a basalt altar of Yredelemnul.
    56 | D        | Found a shimmering altar of Xom.
    56 | D        | Found an ornate altar of the Wu Jian Council.
    56 | D        | Found a sacrificial altar of Ru.
    56 | D        | Found a stormy altar of Qazlal.
    56 | D        | Found an iron altar of Okawaru.
    56 | D        | Found a sparkling altar of Nemelex Xobeh.
    56 | D        | Found a burning altar of Makhleb.
    56 | D        | Found a blossoming altar of Fedhas.
    56 | D        | Found a white marble altar of Elyvilon.
    56 | D        | Found a shadowy altar of Dithmenos.
    56 | D        | Found a snail-covered altar of Cheibriados.
    59 | D        | Found a corrupted altar of Lugonu.
    59 | D        | Found a radiant altar of Vehumet.
    60 | D        | Found an ancient bone altar of Kikubaaqudgha.
    60 | D        | Found a hide-covered altar of Uskayaw.
    60 | D        | Found a broken altar of Ashenzari.
    63 | D        | Became a worshipper of Gozag Ym Sagoz the Greedy
    80 | D        | Reached skill level 4 in Unarmed Combat
    80 | D        | Reached XP level 2. HP: 17/25 MP: 2/2
   158 | D        | Reached skill level 5 in Unarmed Combat
   158 | D        | Reached XP level 3. HP: 18/31 MP: 3/3
   332 | D        | Reached skill level 6 in Unarmed Combat
   332 | D        | Reached XP level 4. HP: 6/38 MP: 4/4
   405 | D        | Noticed a scorpion
   407 | D        | Noticed a glass eye
   416 | D        | Reached skill level 7 in Unarmed Combat
   416 | D        | Reached skill level 5 in Shapeshifting
   419 | D        | Noticed a gnoll sergeant
   425 | D        | Killed a scorpion
   426 | D        | Reached skill level 1 in Stealth
   426 | D        | Reached skill level 8 in Unarmed Combat
   426 | D        | Reached XP level 5. HP: 40/45 MP: 5/5
   443 | D        | Reached skill level 1 in Armour
   443 | D        | Reached skill level 9 in Unarmed Combat
   444 | D        | Reached XP level 6. HP: 32/52 MP: 6/6
   456 | D        | Killed a glass eye
   457 | D        | Reached skill level 11 in Unarmed Combat
   472 | D        | Reached XP level 7. HP: 31/60 MP: 7/7
   782 | D        | Noticed an unseen horror
   796 | D        | Killed an unseen horror
   797 | D        | Reached skill level 5 in Dodging
   797 | D        | Reached skill level 12 in Unarmed Combat
   894 | D        | Reached skill level 13 in Unarmed Combat
   911 | D        | Noticed a steam dragon
   911 | D        | Noticed a black mamba
   917 | D        | Killed a black mamba
   918 | D        | Reached XP level 8. HP: 55/68 MP: 8/8
   922 | D        | Reached skill level 14 in Unarmed Combat
  1195 | D        | Noticed a deep elf zephyrmancer
  1204 | D        | Killed a deep elf zephyrmancer
  1205 | D        | Reached skill level 5 in Armour
  1205 | D        | Reached skill level 5 in Stealth
  1205 | D        | Reached skill level 15 in Unarmed Combat
  1207 | D        | Reached XP level 9. HP: 68/74 MP: 9/9
  1301 | D        | Noticed a gargoyle
  1307 | D        | Killed a gargoyle
  1308 | D        | Noticed a merfolk siren
  1316 | D        | Killed a merfolk siren
  1317 | D        | Reached skill level 16 in Unarmed Combat
  1334 | D        | Bought the amulet of the Leaf {Regen+ Stlth+} for 477 gold
                  | pieces
  1334 | D        | Bought the necklace of Bloodlust {Fury *Rage Will++ Int-3
                  | Slay+6} for 543 gold pieces
  1334 | D        | Found the necklace of Bloodlust {Fury *Rage Will++ Int-3
                  | Slay+6}
  1342 | D        | Noticed a freezing wraith
  1354 | D        | HP: 3/75 [freezing wraith (22)]
  1354 | D        | Slain by a blink frog

Illustrated notes

Levels and vault maps discovered:
D:        pitsprint [storerooms_1, entrance_room_1, metal_vault_6, armoury_3,
          mini_pit_1, grid_room_1, main_hall_1, silver_pit, the_coven_1,
          the_vestibule_1, steel_vault_4, golden_pit, hallway_of_sentries,
          crystal_vault_1, iron_vault_4, final_vault]

Skill      XL: |  1  2  3  4  5  6  7  8  9 |
---------------+----------------------------+-----
Unarmed Combat | 4 5 6 8 9 11 13 15 16 | 16.6
Dodging        | 2 3 4 5 |  5.5
Shapeshifting  | 4 5 6 7 |  7.6
Stealth        | 1 2 4 5 6 |  6.1
Armour         | 1 2 4 5 6 |  6.5
Fighting       | 2 3 |  3.0

Action                     |  1- 3 |  4- 6 |  7- 9 || total
---------------------------+-------+-------+-------++-------
  Melee: Unarmed           |    56 |    51 |    52 ||   159
         Punch             |     3 |       |     3 ||     6
 Invoke: Call Merchant     |       |       |     1 ||     1
Ability: Spit Poison       |       |     2 |     1 ||     3
    Use: Potion            |     2 |     1 |     2 ||     5
   Stab: Distracted        |       |     1 |     1 ||     2
         Sleeping          |       |       |     1 ||     1
 Armour: Animal skin       |    42 |     1 |       ||    43
         Ring mail         |       |    21 |    47 ||    68
  Dodge: Dodged            |    27 |    17 |    34 ||    78

Table legend: (Time is in decaauts)
 A = Elapsed time spent in this place.
 B = Non-inter-level travel time spent in this place.
 C = Inter-level travel time spent in this place.
 D = Time resting spent in this place.
 E = Time spent auto-exploring this place.
 F = Levels seen in this place.
 G = Mean time per level.
                   A        B        C        D        E       F      G
               +--------+--------+--------+--------+--------+-----+--------+
         Total |   1489 |   1398 |     91 |    788 |      0 |   1 | 1489.0 |
       Dungeon |   1489 |   1398 |     91 |    788 |      0 |   1 | 1489.0 |
               +--------+--------+--------+--------+--------+-----+--------+

Top non-repeatable levels by time:
       D: 1489 daAuts
